 Dungeon Crawl Stone Soup version 0.26.1-11-gd32895ea62 (webtiles) character file.

Game seed: 15356450734457419100

1723 Kukuleta the Spear-Bearer (level 9, 69/69 HPs)
             Began as a Merfolk Gladiator on July 10, 2021.
             Was an Initiate of Vehumet.
             Quit the game on level 6 of the Dungeon on July 19, 2021.
             The game lasted 00:22:16 (8297 turns).

Kukuleta the Spear-Bearer (Merfolk Gladiator)       Turns: 8297, Time: 00:22:17

Health: 69/69      AC:  4    Str: 17    XL:     9   Next: 4%
Magic:  9/9        EV: 17    Int:  7    God:    Vehumet [......]
Gold:   274        SH:  0    Dex: 16    Spells: 8/8 levels left

rFire    + . .     SeeInvis .   a - +0 trident
rCold    . . .     Faith    .   (no shield)
rNeg     . . .     Spirit   +   b - +0 leather armour
rPois    .         Reflect  .   v - +0 helmet
rElec    .         Harm     .   (no cloak)
rCorr    .         Rampage  .   (no gloves)
Will     .....                  (no boots)
Stlth    +.........             j - amulet of guardian spirit
HPRegen  0.21/turn              e - ring of protection from fire
MPRegen  0.11/turn              (no ring)

@: no status effects
A: change form in water, swift swim, stealthy swim
a: Renounce Religion


You were on level 6 of the Dungeon.
You worshipped Vehumet.
Vehumet was noncommittal.
You visited 1 branch of the dungeon, and saw 6 of its levels.

You collected 274 gold pieces.

Inventory:

Hand Weapons
 a - a +0 trident (weapon)
Missiles
 d - 3 throwing nets (quivered)
Armour
 b - a +0 leather armour (worn)
 c - a +0 helmet
 v - a +0 helmet (worn)
Jewellery
 e - a ring of protection from fire (left hand)
 j - an amulet of guardian spirit (around neck)
 l - a cursed amulet of inaccuracy
 z - an uncursed amulet of magic regeneration {unknown}
 A - a +6 ring of dexterity {unknown}
 D - a cursed ring of stealth {unknown}
Wands
 i - a wand of random effects (17)
 C - a wand of enslavement (8)
 E - a wand of digging (2)
Scrolls
 k - 7 scrolls of identify
 m - 3 scrolls of blinking {unknown}
 n - 4 scrolls of remove curse
 o - a scroll of immolation {unknown}
 p - a scroll of fear
 q - 2 scrolls of fog {unknown}
 t - a scroll of enchant weapon {unknown}
 u - 2 scrolls of amnesia {unknown}
 x - a scroll of noise {unknown}
 y - a scroll of teleportation
 F - a scroll of enchant armour {unknown}
Potions
 f - 5 potions of curing {unknown}
 g - 2 potions of degeneration {unknown}
 h - 2 potions of attraction {unknown}
 r - 3 potions of heal wounds {unknown}
 s - a potion of lignification {unknown}
 w - a potion of might {unknown}
 B - a potion of haste {unknown}


   Skills:
 + Level 5.9 Fighting
 * Level 10.9 Polearms
 - Level 2.0 Throwing
 + Level 3.5 Armour
 + Level 7.7 Dodging


You had 8 spell levels left.
You didn't know any spells.
Your spell library contained the following spells:

 Spells                   Type           Power        Failure   Level
 Summon Small Mammal      Summ           0%           50%         1
 Call Imp                 Summ           0%           63%         2
 Call Canine Familiar     Summ           0%           86%         3
 Summon Guardian Golem    Hex/Summ       0%           86%         3
 Summon Ice Beast         Ice/Summ       0%           99%         4
 Summon Lightning Spire   Summ/Air       0%           99%         4


Dungeon Overview and Level Annotations

Branches:
Dungeon (6/15)
 Temple: D:4-7

Altars:
Fedhas
Nemelex Xobeh
Trog
Vehumet
Wu Jian
Zin
The Shining One


Message History

The phantom blinks!
The phantom closely misses you.
You hit the phantom.
The phantom is lightly damaged.
You hit the phantom.
The phantom is lightly damaged.
The phantom hits you.
You hit the phantom.
The phantom is moderately damaged.
The phantom blinks!
An orc comes into view. It is wielding a +0 hand axe.
The orc shouts!
The phantom blinks!
Welcome back, Kukuleta the Merfolk Gladiator.
Vehumet says: Let it end in hellfire!
Press ? for a list of commands and other information.
Okay, then.
Unknown command.
Okay, then.
Are you sure you want to abandon this character and quit the game? (Confirm with "yes".)

..... .# .... #o#ยง#...#
#.... ........# #....
###.#.#.(.+ #....
.........######+##....
###.#.#.#.............#+#
#.....................#..
#....#.#.#.............#..
#.......+@.............'..
#.(.....#..............#..
########..............###
#....#########+###..
#....# ..... #....# .....
#....# ..... #....# #####
######


There were no monsters in sight!

Vanquished Creatures
  Grinder (D:5)
  Prince Ribbit (D:5)
  2 ice beasts
  A phantom (D:4)
  2 ogres
  Blork the orc (D:5)
  2 bullfrogs
  A scorpion (D:4)
  5 wights (D:6)
  2 hounds
  A jelly (D:5)
  An orc priest (D:5)
  3 orc wizards
  A bullfrog skeleton (D:4)
  Jessica (D:4)
  2 iguanas (D:5)
  A worker ant (D:4)
  5 adders
  A howler monkey skeleton (D:4)
  A white imp (D:5)
  2 ufetubi
  3 oozes
  A worm (D:2)
  2 dart slugs
  A leopard gecko (D:2)
  10 orcs
  6 bats
  8 giant cockroaches
  8 goblins
  3 hobgoblins (D:1)
  4 jackals (D:2)
  2 quokkas (D:4)
  2 ball pythons
  6 frilled lizards
  3 kobolds
  11 rats
107 creatures vanquished.

Vanquished Creatures (others)
  2 plants
2 creatures vanquished.

Grand Total: 109 creatures vanquished

Notes
Turn   | Place    | Note
-------+----------+-------------------------------------------
     0 | D:1      | Kukuleta the Merfolk Gladiator began the quest for the Orb.
     0 | D:1      | Reached XP level 1. HP: 16/16 MP: 1/1
   223 | D:1      | Reached XP level 2. HP: 23/23 MP: 2/2
   519 | D:1      | Reached skill level 5 in Polearms
   810 | D:1      | Reached XP level 3. HP: 21/28 MP: 3/3
  1324 | D:2      | Reached XP level 4. HP: 27/34 MP: 4/4
  1558 | D:2      | Reached skill level 1 in Armour
  1968 | D:2      | Reached skill level 6 in Polearms
  2443 | D:3      | Found a blossoming altar of Fedhas.
  2607 | D:3      | Found an ornate altar of the Wu Jian Council.
  2702 | D:3      | Found a glowing golden altar of the Shining One.
  3140 | D:3      | Reached XP level 5. HP: 31/41 MP: 5/5
  3605 | D:3      | Found a bloodstained altar of Trog.
  3647 | D:4      | Found a sparkling altar of Nemelex Xobeh.
  3647 | D:4      | Noticed Jessica
  3654 | D:4      | Killed Jessica
  3655 | D:4      | Reached skill level 5 in Dodging
  3717 | D:4      | Noticed a phantom
  3771 | D:4      | Killed a phantom
  3772 | D:4      | Reached skill level 7 in Polearms
  3772 | D:4      | Reached XP level 6. HP: 30/48 MP: 6/6
  4512 | D:4      | Reached XP level 7. HP: 52/54 MP: 5/7
  4785 | D:4      | Found a glowing silver altar of Zin.
  4797 | D:4      | Found a sparkling altar of Nemelex Xobeh.
  4948 | D:5      | Entered Level 5 of the Dungeon
  5028 | D:5      | Reached skill level 8 in Polearms
  5476 | D:5      | Noticed Grinder
  5496 | D:5      | Killed Grinder
  5497 | D:5      | Reached skill level 9 in Polearms
  5606 | D:5      | Reached XP level 8. HP: 48/61 MP: 5/8
  5740 | D:5      | Noticed Blork the orc
  6312 | D:4      | Reached skill level 5 in Fighting
  6640 | D:5      | Noticed Prince Ribbit
  6748 | D:5      | Killed Prince Ribbit
  7046 | D:4      | Reached skill level 10 in Polearms
  7338 | D:5      | Killed Blork the orc
  7888 | D:6      | Found a radiant altar of Vehumet.
  7923 | D:6      | Became a worshipper of Vehumet
  8213 | D:6      | Reached XP level 9. HP: 63/67 MP: 9/9
  8297 | D:6      | Quit the game

Illustrated notes

Levels and vault maps discovered:
D:1:      scummos_arrival_star, layout_basic
D:2:      minmay_general_purpose_star, layout_basic, kennysheep_potato
D:3:      layout_loops_cross, general_overflow_altar, lightli_temple_of_fire,
          fedhas_altar_1, lemuel_crystal_altar, roderic_filled_cross
D:4:      layout_gridville, amethyst_overflow_temple_binary, serial_forest,
          infiniplex_forest_straight_1, infiniplex_forest_lined_2,
          infiniplex_forest_lined_corner, infiniplex_forest_straight_4,
          infiniplex_forest_lined_room_3, infiniplex_forest_corner_1,
          infiniplex_forest_straight_2, infiniplex_forest_clump_medium,
          skrybe_limestone_x, grunt_ministairs_2, nemelex_lonely_heart_becter
D:5:      layout_loops_ring, chequers_garden, solitary_fountain,
          uniq_blork_the_orc, uniq_prince_ribbit1, uniq_grinder
D:6:      layout_gridville, basic_altar, st_stairs_13

Skill      XL: |  1  2  3  4  5  6  7  8 |
---------------+-------------------------+-----
Polearms       | 5 6 7 9 10 | 10.9
Armour         | 1 2 3 |  3.5
Fighting       | 3 4 5 |  5.9
Dodging        | 5 6 7 |  7.7
Throwing       | |  2.0

Action                   |  1- 3 |  4- 6 |  7- 9 || total
-------------------------+-------+-------+-------++-------
Melee: Trident           |   117 |   208 |   230 ||   555
  Use: Scroll            |       |     8 |       ||     8
 Stab: Sleeping          |       |     1 |     1 ||     2
       Distracted        |       |       |     1 ||     1
Armor: Leather armour    |    27 |    24 |    16 ||    67
Dodge: Dodged            |    75 |   101 |   115 ||   291
